 Dungeon Crawl Stone Soup version 0.22-a0-858-g985ef60 (webtiles) character file.

4073 inc the Fighter (level 10, 0/114 HPs)
             Began as an Ogre Ice Elementalist on July 27, 2018.
             Was a Priest of Okawaru.
             Slain by a vampire (7 damage)
             ... on level 9 of the Dungeon.
             The game lasted 00:20:43 (12929 turns).

inc the Fighter (Ogre Ice Elementalist)            Turns: 12929, Time: 00:20:44

Health: 0/114      AC:  5    Str: 18    XL:     10   Next: 25%
Magic:  18/23      EV: 10    Int: 22    God:    Okawaru [***...]
Gold:   471        SH:  3    Dex: 11    Spells: 7/15 levels left

rFire    + . .     SeeInvis .   r - +2 morningstar (drain)
rCold    + + .     Gourm    .   (no shield)
rNeg     . . .     Faith    .   e - +2 robe {rC+ rF+}
rPois    .         Spirit   .   (helmet restricted)
rElec    .         Reflect  +   s - scarf {repulsion}
rCorr    .         Harm     .   (gloves unavailable)
MR       +....                  (boots unavailable)
Stlth    +++.......             B - +3 amulet of reflection
HPRegen  0.29/turn              i - ring of magical power
MPRegen  0.18/turn              w - ring of protection from cold

@: brilliant, repel missiles
A: large, unfitting armour, camouflage 1, agile 1, strong 1, tough skin 1
a: Heroism, Renounce Religion


You were on level 9 of the Dungeon.
You worshipped Okawaru.
Okawaru was most pleased with you.
You were not hungry.

You visited 2 branches of the dungeon, and saw 11 of its levels.

You collected 471 gold pieces.

Inventory:

Hand Weapons
 b - a +0 mace
 r - a +2 morningstar of draining (weapon)
Missiles
 z - 3 large rocks (quivered)
Armour
 a - a +0 robe
 e - a +2 robe of resistance (worn)
 j - a +1 cloak
 s - a scarf of repulsion (worn)
 A - a scarf of spirit shield
Magical Staves
 q - an uncursed staff of energy
Jewellery
 i - a ring of magical power (left hand)
 w - a ring of protection from cold (right hand)
 B - a +3 amulet of reflection (around neck)
 F - an uncursed amulet of harm
Wands
 v - a wand of digging (24)
 y - a wand of enslavement (15)
Scrolls
 d - 8 scrolls of identify
 f - 2 scrolls of fog
 g - 2 scrolls of enchant weapon {unknown}
 h - 4 scrolls of teleportation
 k - 5 scrolls of remove curse
 m - a scroll of fear
 x - a scroll of enchant armour
 D - 2 scrolls of amnesia {unknown}
Potions
 n - a potion of curing
 o - a potion of haste
 p - a potion of might {unknown}
 t - 2 potions of degeneration
 u - 2 potions of mutation
 C - a potion of magic {unknown}
 E - a potion of brilliance
Comestibles
 c - 14 rations
 G - a chunk of flesh


   Skills:
 + Level 11.4 Fighting
 + Level 8.2 Maces & Flails
 - Level 1.7 Dodging
 - Level 1.4 Stealth
 - Level 3.3 Spellcasting
 - Level 1.1 Conjurations
 - Level 5.9 Charms
 - Level 2.6 Ice Magic
 + Level 0.5 Invocations


You had 7 spell levels left.
You knew the following spells:

 Your Spells              Type           Power        Failure   Level  Hunger
a - Freeze                Ice            ####         1%          1    None
b - Throw Frost           Conj/Ice       ####..       1%          2    ##.....
c - Ozocubu's Armour      Chrm/Ice       #####...     1%          3    ###....
l - Blink                 Tloc           N/A          2%          2    ##.....

Your spell library contained the following spells:

 Spells                   Type           Power        Failure   Level  Hunger
 Magic Dart               Conj           ###.         1%          1    None
 Conjure Flame            Conj/Fire      ###.....     3%          3    ###....
 Slow                     Hex            ###.....     2%          2    ##.....
 Mephitic Cloud           Conj/Pois/Air  ###.....     3%          3    ###....
 Iskenderun's Mystic Bla  Conj           ###.....     9%          4    ####...
 Summon Ice Beast         Ice/Summ       ###.....     8%          4    ####...
 Call Imp                 Summ           ###.....     2%          2    ##.....
 Throw Icicle             Conj/Ice       ####....     6%          4    ####...
 Fulminant Prism          Conj/Hex       ###.......   11%         4    ####...
 Dazzling Spray           Conj/Hex       ###...       3%          3    ###....
 Force Lance              Conj/Tloc      ###.....     11%         4    ####...
 Searing Ray              Conj           ###...       1%          2    ##.....


Dungeon Overview and Level Annotations

Branches:
Dungeon (10/15)            Temple (1/1) D:4
   Lair: D:8-11         Orc: D:9-12

Altars:
Ashenzari
Cheibriados
Dithmenos
Elyvilon
Fedhas
Gozag
Hepliaklqana
Kikubaaqudgha
Makhleb
Nemelex Xobeh
Okawaru
Qazlal
Ru
Sif Muna
Trog
Uskayaw
Vehumet
Wu Jian
Xom
Yredelemnul
Zin
The Shining One

Shops:
D:4 %   D:6 :

Annotations:
D:3 Sigmund
D:5 1 runed door, emiel's ghost, novice SpAK
D:6 1 runed door, Leszczynek's ghost, amateur DEMo
D:7 1 runed door, Deathmic's ghost, novice MiFi


Innate Abilities, Weirdness & Mutations

You are too large for most types of armour.
You have tough skin. (AC +1)
Your skin changes colour to match your surroundings (Stealth+).
You are agile. (Dex +2)
Your muscles are strong. (Str +2)


Message History

It was a potion of cancellation.
Your magical effects are unravelling.
You feel magically purged.
Your icy armour evaporates.
The vampire is infused with unholy energy.
* * * LOW HITPOINT WARNING * * *
The vampire draws life force from you and is healed!
It was a potion of mutation.
You feel extremely strange.
Your skin functions as natural camouflage.
You feel stronger.
You feel agile. The vampire hits you.
* * * LOW HITPOINT WARNING * * *
The vampire bites you.
* * * LOW HITPOINT WARNING * * *
The vampire draws strength from your injuries!
Okay, then.
It was a potion of brilliance.
You feel clever all of a sudden. The vampire hits you!
You die...

...#####'##.....#................
...#............#................
...#............#................
...#............+................
...#............+........#####...
...###..........#........#...#...
.....#........###.....####...#...
.....#........#.......'......#...
####.###......#.@.....#......#...
...#...#'####.#.V.....##.....#...
...#........###........#.....#...
...#...................#.....#...
...#...................+.....#...
'###...[...............#+##'##...
.................................
..########....................[..
### #..................)....


You could see a vampire.

Vanquished Creatures
  A troll (D:9)
  A human (D:8)
  4 hogs (D:8)
  Menkaure (D:7)
  2 black bears
  A sky beast (D:7)
  4 ogres
  2 orc warriors
  A phantom (D:8)
  A centaur (D:7)
  Blork the orc (D:5)
  A big kobold (D:8)
  5 bullfrogs
  A gnoll sergeant (D:6)
  4 scorpions
  2 killer bees (D:8)
  6 howler monkeys
  A centaur zombie (D:7)
  A jelly (D:8)
  2 hounds (D:4)
  4 orc priests
  7 orc wizards
  2 centaur skeletons
  Jessica (D:3)
  An iguana (D:5)
  5 worker ants
  2 hound skeletons
  11 gnolls
  12 adders
  2 shadow imps
  2 oozes
  A worm (D:2)
  An adder zombie (D:7)
  2 dart slugs (D:2)
  4 leopard geckos
  29 orcs
  3 ball pythons
  2 giant cockroaches (D:2)
  5 goblins
  10 hobgoblins
  7 jackals
  A quokka (D:3)
  9 bats
  A frilled lizard (D:2)
  A jackal skeleton (D:4)
  11 kobolds
  A quokka skeleton (D:5)
  A rat (D:3)
180 creatures vanquished.

Vanquished Creatures (others)
  2 withered plants (D:5)
2 creatures vanquished.

Grand Total: 182 creatures vanquished

Notes
Turn   | Place    | Note
-------+----------+-------------------------------------------
     0 | D:1      | inc the Ogre Ice Elementalist began the quest for the Orb.
     0 | D:1      | Reached XP level 1. HP: 16/16 MP: 3/3
   285 | D:1      | Reached XP level 2. HP: 9/24 MP: 0/6
   467 | D:1      | Learned a level 2 spell: Throw Frost
   579 | D:1      | Reached skill level 1 in Conjurations
   987 | D:1      | Reached skill level 1 in Fighting
  1072 | D:1      | Reached XP level 3. HP: 33/33 MP: 4/7
  1445 | D:1      | Learned a level 3 spell: Ozocubu's Armour
  1511 | D:2      | Reached skill level 1 in Maces & Flails
  1600 | D:2      | Reached skill level 2 in Fighting
  1986 | D:2      | Reached XP level 4. HP: 25/44 MP: 5/8
  2257 | D:2      | Found a snail-covered altar of Cheibriados.
  2358 | D:2      | Reached skill level 3 in Fighting
  3087 | D:3      | Reached XP level 5. HP: 53/53 MP: 7/9
  3158 | D:3      | Noticed Jessica
  3196 | D:3      | Killed Jessica
  3205 | D:3      | HP: 2/54 [shadow imp (3)]
  3207 | D:3      | Reached skill level 4 in Fighting
  3524 | D:3      | Found a faded altar of an unknown god.
  3669 | D:3      | Noticed Sigmund
  3977 | D:4      | Reached XP level 6. HP: 46/65 MP: 7/10
  4027 | D:4      | Noticed a phantom
  4166 | D:4      | Reached skill level 5 in Fighting
  4936 | D:4      | Found a staircase to the Ecumenical Temple.
  4952 | Temple   | Entered the Ecumenical Temple
  5016 | Temple   | Became a worshipper of Warmaster Okawaru
  5282 | D:4      | Found Fiwnoaro's Food Shop.
  5651 | D:5      | Entered Level 5 of the Dungeon
  5664 | D:5      | Reached skill level 6 in Fighting
  5664 | D:5      | Reached XP level 7. HP: 66/75 MP: 11/11
  5729 | D:5      | Found a runed door.
  5730 | D:5      | Noticed emiel's ghost (novice SpAK)
  6263 | D:5      | Noticed Blork the orc
  6276 | D:5      | Killed Blork the orc
  6276 | D:5      | Reached skill level 7 in Fighting
  6510 | D:5      | Reached skill level 5 in Maces & Flails
  7170 | D:6      | Found a shattered altar of Ashenzari.
  7466 | D:6      | Noticed Leszczynek's ghost (amateur DEMo)
  7560 | D:6      | Found a runed door.
  7588 | D:6      | Reached * piety under Okawaru
  7588 | D:6      | Reached skill level 1 in Charms
  7588 | D:6      | Reached XP level 8. HP: 79/87 MP: 12/12
  8048 | D:6      | Found Jafodd's Book Boutique.
  8192 | D:7      | Noticed Menkaure
  8198 | D:7      | Killed Menkaure
  8763 | D:7      | Reached skill level 5 in Charms
  8878 | D:7      | Reached ** piety under Okawaru
  9050 | D:7      | Reached XP level 9. HP: 80/96 MP: 13/13
  9227 | D:7      | Learned a level 2 spell: Blink
  9229 | D:7      | Found a runed door.
  9236 | D:7      | Noticed Deathmic's ghost (novice MiFi)
  9307 | D:7      | Reached skill level 8 in Fighting
  9342 | D:7      | Found a sacrificial altar of Ru.
  9977 | D:8      | Reached skill level 9 in Fighting
 10751 | D:8      | Reached *** piety under Okawaru
 10816 | D:8      | Reached skill level 10 in Fighting
 11247 | D:8      | Reached XP level 10. HP: 53/111 MP: 14/14
 11253 | D:8      | Reached skill level 11 in Fighting
 11801 | D:9      | Found a glowing golden altar of the Shining One.
 12721 | D:9      | Reached **** piety under Okawaru
 12910 | D:10     | Entered Level 10 of the Dungeon
 12928 | D:9      | Gained mutation: Your skin changes colour to match your surroundings (Stealth+). [potion of mutation]
 12928 | D:9      | Gained mutation: Your muscles are strong. (Str +2) [potion of mutation]
 12928 | D:9      | Gained mutation: You are agile. (Dex +2) [potion of mutation]
 12929 | D:9      | Slain by a vampire

Vault maps used:
D:1:      minmay_arrival_loop
D:2:      kennysheep_slug_shrine, minmay_tromino_v4_c
D:3:      corexii_shack_village, chequers_ecumenical_altar_simple, first_ration,
          hangedman_feature_mirror, uniq_jessica, uniq_sigmund
D:4:      minmay_temple_entry_trees, serial_shops, shop_statue
D:5:      gammafunk_ghost_grave, uniq_blork_the_orc
D:6:      serial_shops, nicolae_shop_trees, hellmonk_ghost_happy_afterlife,
          lemuel_tele_altar
D:7:      basic_altar, enter_bailey_2, ebering_ghost_reflecting_pool,
          uniq_menkaure
D:8:      grunt_livestock
D:9:      tso_metal_star
Temple:   dpeg_three_leaves_temple

Skill      XL: |  1  2  3  4  5  6  7  8  9 10 |
---------------+-------------------------------+-----
Spellcasting   | 3 |  3.3
Conjurations   | 1 |  1.1
Fighting       | 1 2 3 4 6 7 10 11 | 11.4
Maces & Flails | 1 2 3 4 5 7 8 |  8.2
Charms         | 1 5 |  5.9
Dodging        | |  1.7
Stealth        | |  1.4
Ice Magic      | |  2.6
Invocations    | |  0.5

Action                   |  1- 3 |  4- 6 |  7- 9 | 10-12 || total
-------------------------+-------+-------+-------+-------++-------
Melee: Mace              |    68 |   133 |       |       ||   201
       Morningstar       |       |     8 |   322 |    44 ||   374
 Cast: Freeze            |    24 |    49 |     9 |     4 ||    86
       Throw Frost       |    11 |    23 |     2 |       ||    36
       Ozocubu's Armour  |     2 |     9 |    20 |     5 ||    36
Invok: Heroism           |       |       |       |     2 ||     2
  Use: Potion            |       |     2 |       |     4 ||     6
       Scroll            |       |     1 |    10 |       ||    11
 Stab: Sleeping          |     1 |       |     2 |       ||     3
  Eat: Chunk             |     4 |     7 |    10 |     3 ||    24
       Ration            |       |     2 |     3 |     1 ||     6
Armor: Robe              |    35 |    65 |   127 |    12 ||   239
Dodge: Dodged            |    64 |   111 |   184 |    28 ||   387
       Deflected         |       |       |     4 |     2 ||     6
Block: Other             |       |       |    32 |     7 ||    39

Table legend:
 A = Spawn XP
 B = Non-spawn XP
 C = Spawn XP percentage of total XP
 D = Spawn monster count
 E = Non-spawn monster count
 F = Spawn count percentage of total count
 G = Total turns spent on level
                    A         B        C        D         E        F      G
               +---------+---------+-------+---------+---------+-------+---------
         Total |       0 |    5819 |   0.0 |       0 |     180 |   0.0 | 12929
               +---------+---------+-------+---------+---------+-------+---------
           D:1 |       0 |      45 |   0.0 |       0 |      24 |   0.0 |  1494
           D:2 |       0 |     102 |   0.0 |       0 |      20 |   0.0 |  1434
           D:3 |       0 |     101 |   0.0 |       0 |      20 |   0.0 |   865
           D:4 |       0 |     326 |   0.0 |       0 |      19 |   0.0 |  1781
           D:5 |       0 |     553 |   0.0 |       0 |      16 |   0.0 |  1933
           D:6 |       0 |     545 |   0.0 |       0 |      16 |   0.0 |  1146
           D:7 |       0 |    1568 |   0.0 |       0 |      33 |   0.0 |  1729
           D:8 |       0 |    2030 |   0.0 |       0 |      25 |   0.0 |  1569
           D:9 |       0 |     549 |   0.0 |       0 |       7 |   0.0 |   887
               +---------+---------+-------+---------+---------+-------+---------
